 Dungeon Crawl Stone Soup version 0.28.0-53-g5a82cb258f (webtiles) character file.

Game seed: 10386223009622658398

156111 jjjjhere the Slayer (level 17, -3/144 HPs)
             Began as a Minotaur Wanderer on Oct 6, 2022.
             Was the Champion of Wu Jian.
             Killed from afar by a will-o-the-wisp (12 damage)
             ... with a foxfire
             ... on level 2 of the Abyss on Oct 10, 2022.
             The game lasted 00:56:27 (29442 turns).

jjjjhere the Slayer (Minotaur Wanderer)            Turns: 29442, Time: 00:56:27

Health: -3/144     AC: 24    Str: 23 (25) XL:     17   Next: 9%
Magic:  18/18      EV:  9    Int:  7 (8)  God:    Wu Jian [******]
Gold:   4125       SH: 11    Dex: 13      Spells: 17/18 levels left

rFire   . . .      SeeInvis +   P - +7 morningstar of Darkness {drain, rPois Dex+2}
rCold   . . .      Faith    .   t - +0 kite shield
rNeg    . . .      Spirit   .   w - +1 plate armour {Will+}
rPois   +          Reflect  .   (helmet restricted)
rElec   .          Harm     .   B - +1 cloak
rCorr   .          Rampage  .   h - +0 pair of gloves
Will    ++...      Rage     3%  E - +1 pair of boots {Stlth+}
Stlth   ..........              q - amulet of regeneration
HPRegen 1.14/turn               K - ring of flight
MPRegen 0.16/turn               v - ring of see invisible

@: flying
A: horns 2, retaliatory headbutt, [berserk 2], [deterioration 2], [frail 2]
a: Renounce Religion, Wall Jump, Serpent's Lash, Heavenly Storm


You were on level 2 of the Abyss.
You worshipped Wu Jian.
Wu Jian was exalted by your worship.
You visited 4 branches of the dungeon, and saw 26 of its levels.
You visited the Abyss 2 times.
You also visited: Bailey and Ice Cave.

You collected 4125 gold pieces.

Inventory:

Hand Weapons
 P - the +7 morningstar of Darkness (weapon) {drain, rPois Dex+2}
   (You found it on level 4 of the Lair of Beasts)

   A truly terrible weapon, it drains the life of any living foe it strikes.
   Dex:       It affects your dexterity (+2).
   rPois:     It protects you from poison.
Missiles
 D - 13 boomerangs (quivered)
 H - 5 javelins
 N - 4 throwing nets
Armour
 h - a +0 pair of gloves (worn)
 t - a +0 kite shield (worn)
 w - a +1 plate armour of willpower (worn)
 B - a +1 cloak (worn)
 E - a +1 pair of boots of stealth (worn)
Jewellery
 q - an amulet of regeneration (around neck)
 v - a ring of see invisible (right hand)
 y - a ring of willpower
 I - a ring of positive energy
 K - a ring of flight (left hand)
 O - a ring of protection from cold
 S - a ring of positive energy
 X - a ring of fire
 Y - a ring of willpower
 Z - a ring of protection from cold
Wands
 a - a wand of mindburst (6)
 b - a wand of flame (44)
 c - a wand of charming (9)
 d - a wand of polymorph (21)
 g - a wand of paralysis (5)
 J - a wand of iceblast (9)
 T - a wand of acid (6)
Scrolls
 e - 4 scrolls of fog
 f - a scroll of silence
 k - 8 scrolls of teleportation
 n - 2 scrolls of enchant weapon
 p - 3 scrolls of holy word
 r - 3 scrolls of enchant armour
 s - 3 scrolls of blinking
 A - 2 scrolls of magic mapping
 G - 7 scrolls of fear
 L - a scroll of amnesia
 M - a scroll of brand weapon
 R - 6 scrolls of identify
Potions
 i - 9 potions of heal wounds
 l - 2 potions of haste
 m - 11 potions of curing
 o - 3 potions of attraction
 u - 3 potions of flight
 x - 2 potions of brilliance
 z - 6 potions of lignification
 C - 2 potions of ambrosia
 F - a potion of invisibility
 Q - 2 potions of berserk rage
 U - a potion of magic
 V - a potion of cancellation
 W - a potion of mutation
Miscellaneous
 j - a phial of floods


   Skills:
 + Level 23.2 Fighting
 - Level 4.8 Long Blades
 - Level 18.7 Maces & Flails
 - Level 4.9 Throwing
 - Level 15.0 Armour
 - Level 7.7 Dodging
 + Level 11.3 Shields
 - Level 1.3 Spellcasting
 - Level 1.5 Transmutations
 - Level 5.0 Evocations


You had 17 spell levels left.
You knew the following spells:

 Your Spells              Type           Power      Damage    Failure   Level
a - Sting                 Tmut/Pois      4%         1d3       99%         1

Your spell library contained the following spells:

 Spells                   Type           Power      Damage    Failure   Level
 Magic Dart               Conj           0%         1d3       100%        1
 Poisonous Vapours        Pois/Air       0%         N/A       100%        2
 Searing Ray              Conj           0%         2d4       100%        2
 Static Discharge         Conj/Air       0%         N/A       100%        2
 Sublimation of Blood     Necr           0%         N/A       100%        2
 Conjure Flame            Conj/Fire      0%         6-21      100%        3
 Gell's Gravitas          Tloc           0%         N/A       100%        3
 Ignite Poison            Fire/Tmut/Pois 1%         N/A       100%        3
 Ozocubu's Armour         Ice            0%         N/A       100%        3
 Spider Form              Tmut/Pois      1%         N/A       100%        3
 Teleport Other           Tloc           0%         N/A       100%        3
 Fulminant Prism          Conj/Hex       0%         3d6       100%        4
 Olgreb's Toxic Radiance  Pois           0%         N/A       100%        4
 Petrify                  Tmut/Erth      1%         N/A       100%        4
 Sticky Flame             Conj/Fire      0%         2d3       100%        4
 Summon Lightning Spire   Summ/Air       0%         N/A       100%        4
 Fireball                 Conj/Fire      0%         3d3       100%        5
 Irradiate                Conj/Tmut      0%         3d13      100%        5
 Lightning Bolt           Conj/Air       0%         1d11      100%        5
 Dispersal                Tloc           0%         N/A       100%        6
 Starburst                Conj/Fire      0%         6d3       100%        6
 Ozocubu's Refrigeration  Ice            0%         4d5       100%        7
 Storm Form               Tmut/Air       0%         N/A       100%        7
 Ignition                 Fire           0%         3d3       100%        8
 Maxwell's Capacitive Co  Air            0%         ∞         100%        8


Dungeon Overview and Level Annotations

Branches:
Dungeon (15/15)            Temple (0/1) D:5            Lair (6/6) D:10
 Shoals (3/4) Lair:2        Snake (0/4) Lair:3        Slime (0/5) Lair:6
    Orc (2/2) D:11            Elf (0/3) Orc:2        Vaults (0/5) D:13
 Depths (0/4) D:15         Bailey (visited)           IceCv (visited)

Altars:
Cheibriados
Elyvilon
Fedhas
Hepliaklqana
Nemelex Xobeh
Okawaru
Qazlal
Ru
Trog
Wu Jian
Xom
Beogh
Jiyva

Shops:
D:5 *(   D:8 *   D:11 (   D:12 *   Orc:1 (   Orc:2 :?((

Annotations:
D:5 1 runed translucent door, Crazy Yiuf
D:12 1 runed translucent door, JohnEldenRing's ghost, journeyman GnBe
Lair:1 2 transporters, exclusion: oklob plant, safid's ghost, journeyman HOFi
Lair:4 2 runed translucent doors, Gyrgh's ghost, journeyman TrBe
Shoals:1 2 runed translucent doors, turdburglar's ghost, journeyman TrFi
Shoals:2 Roxanne


Innate Abilities, Weirdness & Mutations

You have a pair of horns on your head.
You reflexively headbutt those who attack you in melee.
[You often lose your temper in combat.]
[Your body often deteriorates upon taking damage.]
[You are very frail. (-20% HP)]


Message History

You sock the thrashing horror!
The thrashing horror is severely damaged.
The thrashing horror tramples you but does no damage. x2
The thrashing horror tramples you.
You hold your ground!
The thrashing horror barely misses you.
A will-o-the-wisp comes into view.
The will-o-the-wisp gives a chilling moan.
You beat the thrashing horror like a drum!!!
You destroy the thrashing horror!
That felt strangely unrewarding.
The will-o-the-wisp gestures.
The will-o-the-wisp conjures some foxfire! 2 foxfires come into view.
You bludgeon the foxfire!! You headbutt the foxfire!
The foxfire is moderately damaged.
The foxfire hits you!!
Your body deteriorates!
You feel weakened. The foxfire hits you!!
You lunge at the will-o-the-wisp.
You sock the will-o-the-wisp!
The will-o-the-wisp is moderately damaged.
The will-o-the-wisp engulfs you but does no damage.
You puncture the will-o-the-wisp!
The will-o-the-wisp is heavily damaged.
The will-o-the-wisp gestures.
The will-o-the-wisp conjures some foxfire! 2 foxfires come into view.
You hit the will-o-the-wisp but do no damage.
You headbutt the will-o-the-wisp.
The will-o-the-wisp is heavily damaged.
The foxfire hits you!! x2
* * * LOW HITPOINT WARNING * * *
The will-o-the-wisp gestures.
The will-o-the-wisp conjures some foxfire! 2 foxfires come into view.
You barely miss the will-o-the-wisp. You headbutt the will-o-the-wisp!
The will-o-the-wisp is almost destroyed.
The foxfire hits you!!
* * * LOW HITPOINT WARNING * * *
The foxfire hits you!
You die...

. #... .# . # . .
#..#.#. .. # # ##
.... . .. . #..##
... .. . . ## . # .
.### ## #.##. ..
.#.. #
..####.######.....#
. .........@v§.#..#
# #....###.#v#...#
. . .. #..
###...#...#.# . .
##..# ##.# . .##..
.# .. ..... # ##
#..... .. .##. # ##


You could see a will-o-the-wisp.

Vanquished Creatures
  Polyphemus (Shoals:2)
  Gastronok (Lair:1)
  A tengu reaver (D:15)
  Kirke (D:12)
  Ilsuiw (Shoals:2)
  An ironbound preserver (D:13)
  Snorg (Lair:5)
  An ettin (Orc:2)
  2 merfolk impalers
  4 boulder beetles
  Harold (D:7)
  A fire dragon (D:15)
  The ghost of Veisunni the Protected, a journeyman MiFi of Elyvilon (Orc:1)
  Erolcha (D:13)
  2 ogre magi
  15 hydras
  4 catoblepae
  2 merfolk avatars
  2 satyrs
  A death knight (D:14)
  A merfolk aquamancer (Shoals:2)
  14 two-headed ogres
  4 centaur warriors
  10 death yaks
  Urug (D:10)
  6 tengu warriors
  4 orc high priests (Orc:2)
  10 thrashing horrors
  A hell hog (Abyss:2)
  3 wretched stars
  Nergalle (Lair:2)
  A spatial maelstrom (Abyss:2)
  A sixfirhy (Abyss:2)
  2 fire crabs (shapeshifter)
  A goliath frog (Lair:6)
  A skeletal warrior (D:8)
  A deep troll (D:15)
  8 sea snakes
  A necromancer (D:15)
  A lindwurm (Lair:6)
  2 orc knights
  2 deep elf pyromancers
  7 harpies (Shoals:2)
  3 wizards
  9 manticores
  A deep elf zephyrmancer (D:15)
  6 fauns (Shoals:2)
  14 cyclopes
  A worldbinder (Abyss:2)
  12 ugly things
  2 orc sorcerers (Orc:2)
  6 merfolk sirens
  8 large abominations
  Joseph (D:9)
  11 elephants
  A torpor snail (Lair:4)
  8 black mambas
  3 water nymphs (Shoals:2)
  27 cane toads
  2 smoke demons
  4 orange demons (D:14)
  A gargoyle (D:13)
  2 yaktaurs
  13 komodo dragons
  A rime drake (shapeshifter) (D:15)
  4 rime drakes
  An efreet (D:15)
  An ice devil (IceCv)
  2 freezing wraiths
  A hellwing (Abyss:3)
  2 red devils (D:14)
  17 merfolk
  6 polar bears
  5 trolls
  A meliai (shapeshifter) (D:14)
  2 meliai (D:14)
  Prince Ribbit (D:7)
  2 wind drakes
  2 tyrant leeches (Lair:6)
  A wolf spider simulacrum (D:12)
  7 slime creatures
  3 hornets
  A raiju (shapeshifter) (D:14)
  32 blink frogs
  7 dream sheep (Lair:5)
  3 raiju (Abyss:2)
  5 snapping turtles
  2 shadows (D:11)
  2 centaur simulacra (D:14)
  79 yaks
  6 wyverns
  2 wraiths
  2 ynoxinuls
  8 basilisks
  2 water elementals
  Eustachio (D:5)
  A chaos spawn (Abyss:4)
  A hog (shapeshifter) (D:14)
  14 vampire mosquitoes
  2 steam dragons
  3 wargs
  5 small abominations
  4 nagas (Lair:3)
  An acid dragon (D:14)
  19 water moccasins
  29 orc warriors
  A sky beast (D:7)
  A necrophage (D:5)
  2 black bears
  5 ogres
  2 boggarts
  7 centaurs
  14 wolves
  4 phantoms
  15 bullfrogs
  A kobold brigand (D:9)
  2 gnoll sergeants
  2 scorpions
  A wyvern zombie (D:6)
  2 cane toad simulacra (Lair:1)
  2 water moccasin skeletons
  An elephant simulacrum (Lair:1)
  9 killer bees
  5 wights (D:9)
  A howler monkey (D:10)
  An electric eel (Lair:6)
  2 bullfrog zombies (D:5)
  2 centaur zombies (D:8)
  A quasit (Abyss:2)
  3 hounds
  34 orc priests
  2 iron imps (Abyss:2)
  2 jellies
  2 centaur skeletons
  4 iguanas
  A troll simulacrum (IceCv)
  36 orc wizards
  A polar bear simulacrum (IceCv)
  Robin (D:4)
  A howler monkey zombie (D:5)
  17 gnolls
  A howler monkey skeleton (D:4)
  6 adders
  2 shadow imps
  5 white imps
  2 ufetubi
  3 worms
  A dart slug (D:1)
  73 orcs
  6 endoplasms
  2 giant cockroaches (D:3)
  17 goblins
  8 hobgoblins
  4 quokkas
  9 ball pythons
  4 bats
  4 frilled lizards
  8 kobolds
  2 rats (D:2)
  A butterfly (Lair:2)
897 creatures vanquished.

Vanquished Creatures (collateral kills)
  An orc knight (Bailey)
1 creature vanquished.

Vanquished Creatures (others)
  A cyclops (D:15)
  A merfolk siren (Shoals:1)
  An unseen horror (D:13)
  A centaur simulacrum (D:15)
  A shadow (D:12)
  A human (D:12)
  A demonic plant (D:2)
  5 foxfires (Abyss:2)
  29 fungi
  92 plants
133 creatures vanquished.

Grand Total: 1031 creatures vanquished

Notes
Turn   | Place    | Note
-------+----------+-------------------------------------------
     0 | D:1      | jjjjhere the Minotaur Wanderer began the quest for the Orb.
     0 | D:1      | jjjjhere set off with the following items: a +2 falchion, a
                  | +0 ring mail; and the following spell memorised: Sting; and
                  | the following spells available to memorise: Spider Form
     0 | D:1      | Reached XP level 1. HP: 14/14 MP: 1/1
   116 | D:1      | Reached skill level 1 in Fighting
   279 | D:1      | Reached skill level 2 in Fighting
   279 | D:1      | Reached XP level 2. HP: 18/24 MP: 3/3
   719 | D:2      | Reached skill level 1 in Maces & Flails
   724 | D:2      | Reached XP level 3. HP: 29/30 MP: 4/4
  1025 | D:2      | Reached skill level 3 in Fighting
  1033 | D:2      | Found a faded altar of an unknown god.
  1045 | D:2      | Prayed at the altar of an unknown god.
  1045 | D:2      | Became a worshipper of the Wu Jian Council
  1045 | D:2      | Reached * piety under Wu Jian
  1339 | D:2      | You fall into a shaft and drop 2 floors!
  1341 | D:4      | Noticed a phantom
  1588 | D:2      | Reached XP level 4. HP: 31/38 MP: 5/5
  2379 | D:3      | Found a hazy altar of Hepliaklqana.
  2564 | D:4      | Reached skill level 4 in Fighting
  2572 | D:4      | Reached XP level 5. HP: 36/46 MP: 6/6
  2670 | D:4      | Killed a phantom
  2693 | D:4      | Reached skill level 5 in Fighting
  2702 | D:4      | Reached ** piety under Wu Jian
  2714 | D:4      | Reached XP level 6. HP: 50/56 MP: 7/7
  2727 | D:4      | Noticed Robin
  2754 | D:4      | Killed Robin
  2887 | D:4      | Reached skill level 5 in Maces & Flails
  3297 | D:5      | Entered Level 5 of the Dungeon
  3325 | D:5      | Reached skill level 6 in Fighting
  3347 | D:5      | Reached XP level 7. HP: 64/64 MP: 8/8
  3379 | D:5      | Noticed Eustachio
  3401 | D:5      | Killed Eustachio
  3402 | D:5      | Reached skill level 7 in Fighting
  3603 | D:5      | Reached XP level 8. HP: 74/74 MP: 9/9
  3676 | D:5      | Reached skill level 8 in Fighting
  3729 | D:5      | Reached *** piety under Wu Jian
  3862 | D:5      | Found a staircase to the Ecumenical Temple.
  3915 | D:5      | Found Gobitt's Antique Weapon Shop.
  3929 | D:5      | Found Kiegajoc's Overcharged Wands.
  4364 | D:5      | Found a runed translucent door.
  4365 | D:5      | Noticed Crazy Yiuf
  4690 | D:6      | Reached skill level 9 in Fighting
  4940 | D:6      | Found a bloodstained altar of Trog.
  5007 | D:6      | Noticed a two-headed ogre
  5030 | D:6      | Killed a two-headed ogre
  5031 | D:6      | Reached skill level 10 in Fighting
  5031 | D:6      | Reached XP level 9. HP: 68/85 MP: 10/10
  5177 | D:7      | Found a snail-covered altar of Cheibriados.
  5231 | D:7      | Reached skill level 10 in Maces & Flails
  5391 | D:7      | Noticed Prince Ribbit
  5403 | D:7      | Killed Prince Ribbit
  5404 | D:7      | Reached skill level 11 in Fighting
  5571 | D:7      | Found a flagged portal.
  5590 | Bailey   | Entered a bailey
  5680 | Bailey   | Noticed an orc knight
  5773 | Bailey   | Reached **** piety under Wu Jian
  5829 | Bailey   | Killed an orc knight
  5830 | Bailey   | Reached skill level 12 in Fighting
  5918 | Bailey   | Noticed an orc knight
  5925 | Bailey   | Noticed a rime drake
  5925 | Bailey   | an orc knight changed into a rime drake
  5932 | Bailey   | Killed a rime drake
  5933 | Bailey   | Reached XP level 10. HP: 88/97 MP: 11/11
  6101 | D:7      | Noticed Harold
  6130 | D:7      | Killed Harold
  6131 | D:7      | Reached skill level 13 in Fighting
  6322 | D:7      | Found an iron altar of Okawaru.
  6542 | D:8      | Reached skill level 14 in Fighting
  6551 | D:8      | Found Ianoe's Incredible Inventory.
  6663 | D:8      | Noticed a skeletal warrior
  6664 | D:8      | Noticed a skeletal warrior
  6664 | D:8      | Noticed a skeletal warrior
  6664 | D:8      | Noticed a skeletal warrior
  6936 | D:8      | HP: 32/104 [skeletal warrior/+0 mace[a skeletal warrior]
                  | (21)]
  6940 | D:8      | Killed a skeletal warrior
  6941 | D:8      | Reached skill level 5 in Armour
  7785 | D:9      | Paralysed by a hornet for 1 turns
  7787 | D:9      | Reached skill level 15 in Fighting
  7787 | D:9      | Reached XP level 11. HP: 106/112 MP: 12/12
  7851 | D:9      | Found a white marble altar of Elyvilon.
  8255 | D:9      | Noticed Joseph
  8268 | D:9      | Killed Joseph
  8520 | D:10     | Entered Level 10 of the Dungeon
  8787 | D:10     | Noticed a death yak
  8787 | D:10     | Noticed a death yak
  8829 | D:10     | Killed a death yak
  8829 | D:10     | Reached ***** piety under Wu Jian
  8892 | D:10     | Killed a death yak
  9049 | D:10     | Found a staircase to the Lair.
  9049 | D:10     | Noticed a death yak
  9080 | D:10     | Killed a death yak
  9143 | D:10     | Reached skill level 1 in Dodging
  9145 | D:10     | Reached skill level 16 in Fighting
  9185 | D:10     | Noticed Urug
  9211 | D:10     | Killed Urug
  9409 | D:10     | Noticed an ogre mage
  9418 | D:10     | Killed an ogre mage
  9421 | D:10     | Identified the +3 ring mail of the Clam {Will+}
  9743 | D:10     | Noticed a white ugly thing
  9748 | D:10     | Killed a white ugly thing
 10056 | Lair:1   | Entered Level 1 of the Lair of Beasts
 10115 | Lair:1   | Reached skill level 5 in Dodging
 10222 | Lair:1   | Found a transporter.
 10252 | Lair:1   | Found a frozen archway.
 10282 | IceCv    | Entered an ice cave
 10530 | Lair:1   | Reached XP level 12. HP: 120/122 MP: 13/13
 10544 | Lair:1   | Noticed a six-headed hydra
 10557 | Lair:1   | Killed a six-headed hydra
 10732 | Lair:1   | Noticed Gastronok
 10752 | Lair:1   | Killed Gastronok
 10895 | Lair:1   | Noticed safid's ghost (journeyman HOFi)
 10896 | Lair:1   | Noticed a catoblepas
 10899 | Lair:1   | Found a transporter.
 10936 | Lair:1   | Found a blossoming altar of Fedhas.
 11430 | Lair:2   | Found a staircase to the Shoals.
 11490 | Lair:2   | Reached skill level 15 in Maces & Flails
 11642 | Lair:2   | Noticed a five-headed hydra
 11654 | Lair:2   | Killed a five-headed hydra
 11852 | Lair:2   | Noticed Nergalle
 11863 | Lair:2   | Killed Nergalle
 12197 | Lair:3   | Reached XP level 13. HP: 117/129 MP: 14/14
 12218 | Lair:3   | Found a sacrificial altar of Ru.
 12484 | Lair:3   | Reached ****** piety under Wu Jian
 12880 | Lair:3   | Found a staircase to the Snake Pit.
 13356 | Lair:4   | Identified the +7 morningstar of Darkness {drain, rPois
                  | Dex+2}
 13683 | Lair:4   | Found a large runed translucent door.
 13684 | Lair:4   | Found a large runed translucent door.
 13759 | Lair:4   | Noticed Gyrgh's ghost (journeyman TrBe)
 14391 | Lair:5   | Reached skill level 17 in Fighting
 14395 | Lair:5   | Noticed Snorg
 14406 | Lair:5   | Killed Snorg
 14407 | Lair:5   | Reached skill level 10 in Armour
 14681 | Lair:5   | Reached XP level 14. HP: 120/140 MP: 15/15
 15064 | Lair:6   | Entered Level 6 of the Lair of Beasts
 15079 | Lair:6   | Reached skill level 18 in Fighting
 15386 | Lair:6   | Found a staircase to the Slime Pits.
 15386 | Lair:6   | Found a viscous altar of Jiyva.
 15408 | Lair:6   | HP: 46/144 [goliath frog (18)]
 16115 | Lair:5   | Reached skill level 19 in Fighting
 16442 | Lair:6   | Reached skill level 1 in Evocations
 17148 | D:11     | Found Qusompab's Weapon Shop.
 17155 | D:11     | Found a staircase to the Orcish Mines.
 17528 | D:11     | Reached XP level 15. HP: 152/155 MP: 16/16
 17894 | Orc:1    | Entered Level 1 of the Orcish Mines
 17963 | Orc:1    | You are sucked into a shaft and drop 1 floor!
 17963 | Orc:2    | Entered Level 2 of the Orcish Mines
 17971 | Orc:2    | Found a staircase to the Elven Halls.
 18160 | Orc:1    | Found a transporter.
 18329 | Orc:1    | Found a transporter.
 18330 | Orc:1    | Noticed Veisunni's ghost (journeyman MiFi)
 18946 | Orc:1    | Reached skill level 20 in Fighting
 19731 | Orc:2    | Reached skill level 5 in Evocations
 19790 | Orc:2    | Found Ostrar's Weapon Shop.
 19791 | Orc:2    | Found Gaggamix's Antique Weapon Shop.
 19792 | Orc:2    | Found Mekoeng's Magic Scroll Boutique.
 19796 | Orc:2    | Found Ekoka's Book Boutique.
 20040 | Orc:1    | Reached skill level 1 in Throwing
 20056 | Orc:1    | Killed Veisunni's ghost
 20309 | D:12     | Found Suwk's Assorted Antiques.
 20336 | D:12     | Found an ornate altar of the Wu Jian Council.
 20584 | D:12     | Noticed Kirke
 20590 | D:12     | Killed Kirke
 20666 | D:12     | Found a runed translucent door.
 20670 | D:12     | Found a shimmering altar of Xom.
 20670 | D:12     | Noticed JohnEldenRing's ghost (journeyman GnBe)
 21170 | D:13     | Noticed Erolcha
 21175 | D:13     | Killed Erolcha
 21638 | D:13     | Found a gate to the Vaults.
 22672 | D:14     | Found a sparkling altar of Nemelex Xobeh.
 22773 | D:14     | Reached skill level 15 in Armour
 22847 | D:14     | Reached skill level 21 in Fighting
 22866 | D:14     | Reached skill level 1 in Shields
 23042 | D:14     | Identified a scroll of acquirement
 23043 | D:14     | Acquired 1077 gold pieces
 23553 | D:14     | Reached XP level 16. HP: 136/167 MP: 17/17
 23831 | D:14     | Reached skill level 5 in Shields
 24065 | D:15     | Entered Level 15 of the Dungeon
 24111 | D:15     | Found a stormy altar of Qazlal.
 24814 | D:15     | Found a staircase to the Depths.
 25108 | D:15     | Found a runed translucent door.
 25148 | D:15     | Reached skill level 22 in Fighting
 25279 | D:15     | Noticed a tengu reaver
 25286 | D:15     | Killed a tengu reaver
 25555 | Shoals:1 | Entered Level 1 of the Shoals
 26039 | Shoals:1 | Found a large runed translucent door.
 26040 | Shoals:1 | Found a large runed translucent door.
 26055 | Shoals:1 | Noticed turdburglar's ghost (journeyman TrFi)
 26705 | Shoals:2 | Noticed Roxanne
 26793 | Shoals:2 | Reached skill level 10 in Shields
 27121 | Shoals:2 | Noticed Polyphemus
 27156 | Shoals:2 | HP: 55/171 [Polyphemus (10)]
 27162 | Shoals:2 | Killed Polyphemus
 27162 | Shoals:2 | HP: 41/171 [death yak[Polyphemus] (6)]
 27356 | Shoals:2 | Noticed Ilsuiw
 27376 | Shoals:2 | Reached skill level 23 in Fighting
 27702 | Shoals:2 | Killed Ilsuiw
 27703 | Shoals:2 | Reached XP level 17. HP: 121/179 MP: 18/18
 28581 | Shoals:3 | Cast into level 2 of the Abyss (merfolk impaler)
 28868 | Abyss:3  | Found an ancient bone altar of Kikubaaqudgha.
 28901 | Abyss:3  | Noticed a hellephant
 29150 | Shoals:3 | Escaped the Abyss
 29222 | Shoals:3 | Cast into level 2 of the Abyss (merfolk impaler)
 29292 | Abyss:2  | Found a bloodstained altar of Trog.
 29441 | Abyss:2  | HP: 33/144 [will-o-the-wisp/foxfire (32)]
 29442 | Abyss:2  | HP: 9/144 [will-o-the-wisp/foxfire (25)]
 29442 | Abyss:2  | Killed from afar by a will-o-the-wisp

Illustrated notes

Levels and vault maps discovered:
D:1:      mrwooster_arrival_statue_2, layout_loops_cross
D:2:      layout_loops_ring, shapermc_ecumenical_altar_gd,
          nicolae_figureground_pulse
D:3:      layout_basic, nicolae_overflow_crystal_walls
D:4:      layout_basic, uniq_robin
D:5:      minmay_inner_zag, layout_basic, minmay_temple_entry_purple_smoke,
          serial_shops, nicolae_shop_hallway_plus,
          nicolae_shop_overcharged_wands, uniq_crazy_yiuf_cottage,
          uniq_eustachio
D:6:      layout_basic, mainiacjoe_overflow_catwalk, kennysheep_little_box
D:7:      layout_gridville, lemuel_crystal_altar, kennysheep_mini_moat,
          lightli_bailey_entry_fortress, minivault_25,
          kennysheep_cluttered_room, uniq_prince_ribbit1, uniq_harold
D:8:      layout_loops_cross, amethyst_killhole, nicolae_alphabet_shops
D:9:      layout_rooms, kennysheep_mini, uniq_joseph
D:10:     minmay_wavy_crystal, layout_layer_cave, dpeg_lair_monsters, uniq_urug
D:11:     layout_long_grid, orc_david_3
D:12:     layout_stronghold, serial_shops, nicolae_diamond_shop,
          ebering_ghost_xom, nicolae_wu_jian_immortal_techniques, uniq_kirke
D:13:     layout_layer_cave, skrybe_vaults_entry_preservation,
          grunt_decor_clamped, uniq_erolcha
D:14:     minmay_the_grid_octo_tiled_squarecenter
          [minmay_the_grid_octo_vomiting_pacman, minmay_the_grid_octo_77,
          minmay_the_grid_octo_pinwheel, minmay_the_grid_octo_teeth,
          minmay_the_grid_square_5x5_megaprize_crossed,
          minmay_the_grid_square_5x5_n_small,
          minmay_the_grid_square_5x5_hourglass,
          minmay_the_grid_square_5x5_detours, minmay_the_grid_square_5x5_meh],
          layout_rooms, chequers_hall_statues_corner_a,
          minmay_beelzebubs_servants
D:15:     hangedman_depths_entry_civil_slaughter, layout_basic,
          lemuel_crystal_altar, serial_rivers, chequers_serial_rivers_small_a,
          chequers_serial_rivers_small_a, chequers_serial_rivers_small_a,
          chequers_serial_rivers_room_a, lightli_airlock
Lair:1:   layout_hall_layers, nzn_ghost_randoct,
          portal_ice_cave_entry_ice_simulacra, hangedman_tree_tricks,
          grunt_megastairs_1, uniq_gastronok
Lair:2:   layout_cave_shapes, shoals_dummy_entry, cheibrodos_lair_lostbears,
          lemuel_fruit_fields, uniq_nergalle
Lair:3:   layout_regular_city, minmay_snake_entry_guardpost_large, basic_altar,
          ldierk_geyser, st_stairs_3
Lair:4:   layout_loops_ring, ebering_ghost_disaster_area
Lair:5:   layout_big_grid, grunt_megastairs_2, serial_bayou_shore_a, uniq_snorg
Lair:6:   minmay_lair_end_frog_pond, layout_cave_pods, slime_altar_1
Shoals:1: layout_shoals, ebering_ghost_disaster_area
Shoals:2: layout_shoals, nzn_prometheus_bound, uniq_polyphemus, uniq_roxanne,
          uniq_ilsuiw
Shoals:3: dreamdust_from_the_deep, layout_shoals, nicolae_shoals_this_corrosion
Orc:1:    layout_caves, gammafunk_ghost_smash
Orc:2:    st_orc_mages, layout_caves, basic_altar, mines1_david
Abyss:2:  base: D:9, onia_ninara_dug_in_and_dangerous, minivault_4,
          hangedman_summoners_spam, base: D:10, hangedman_decor_peaks_small

Skill      XL: |  1  2  3  4  5  6  7  8  9 10 11 12 13 14 15 16 17 |
---------------+----------------------------------------------------+-----
Fighting       | 2 3 4 5 6 7 10 12 15 16 17 19 21 23 | 23.2
Maces & Flails | 1 2 3 4 5 7 9 12 13 16 18 | 18.7
Armour         | 6 8 10 13 15 | 15.0
Dodging        | 5 7 |  7.7
Evocations     | 2 5 |  5.0
Throwing       | 4 |  4.9
Shields        | 3 10 11 | 11.3
Long Blades    | |  4.8
Spellcasting   | |  1.3
Transmutations | |  1.5

Action                   |  1- 3 |  4- 6 |  7- 9 | 10-12 | 13-15 | 16-18 || total
-------------------------+-------+-------+-------+-------+-------+-------++-------
Melee: Falchion          |     8 |       |       |       |       |       ||     8
       Headbutt          |    11 |    30 |    76 |   179 |   283 |   226 ||   805
       Whip              |    69 |   140 |   329 |   505 |       |       ||  1043
       Punch             |       |     1 |     3 |    10 |    14 |       ||    28
       Unarmed           |       |       |     5 |       |       |       ||     5
       Great mace        |       |       |       |   341 |   150 |       ||   491
       Morningstar       |       |       |       |       |  1088 |   758 ||  1846
Throw: Boomerang         |       |       |       |       |       |    33 ||    33
       Javelin           |       |       |       |       |       |     2 ||     2
Invok: Lunge             |     7 |    10 |    35 |    34 |    98 |    73 ||   257
       Whirlwind         |     3 |    16 |    21 |    59 |    81 |    74 ||   254
       Serpent's Lash    |       |       |     1 |       |       |       ||     1
       Heavenly Storm    |       |       |       |       |       |     2 ||     2
 Abil: Wall Jump         |       |       |       |    16 |    10 |     1 ||    27
Evoke: Wand              |       |       |     8 |       |       |     3 ||    11
       Phial of floods   |       |       |       |       |       |     1 ||     1
  Use: Scroll            |       |     8 |     3 |     7 |    12 |     3 ||    33
       Potion            |       |       |       |     2 |       |       ||     2
 Stab: Petrified         |       |       |       |       |     4 |     1 ||     5
       Paralysed         |       |       |       |       |       |     3 ||     3
       Distracted        |       |       |       |       |       |     1 ||     1
Armor: Ring mail         |    22 |    49 |    80 |       |       |       ||   151
       Plate armour      |       |       |     3 |   487 |   651 |   418 ||  1559
Dodge: Dodged            |    44 |    45 |    99 |   252 |   451 |   245 ||  1136
Block: Buckler           |       |       |       |       |    19 |    10 ||    29
       Kite shield       |       |       |       |       |       |   320 ||   320
